 Dungeon Crawl Stone Soup version 0.25-a0-743-g84dc20635f (webtiles) character file.

Game seed: 4066394408963365325, levelgen mode: deterministic

489 Maedhros the Sneak (level 7, -1/43 HPs)
             Began as an Octopode Artificer on Apr 13, 2020.
             Slain by an orc
             ... wielding a +0 mace
              (6 damage)
             ... on level 4 of the Dungeon.
             The game lasted 00:06:15 (885 turns).

Maedhros the Sneak (Octopode Artificer)              Turns: 885, Time: 00:06:15

Health: -1/43      AC:  3    Str: 12    XL:     7   Next: 14%
Magic:  9/9        EV: 13    Int: 15    God:
Gold:   86         SH:  0    Dex: 14    Spells: 6/6 levels left

rFire    . . .     SeeInvis .   a - +0 short sword
rCold    + . .     Gourm    .   (no shield)
rNeg     . . .     Faith    .   (helmet restricted)
rPois    .         Spirit   .   (no amulet)
rElec    .         Reflect  .   c - ring of protection from cold
rCorr    .         Harm     .   (no ring)
MR       .....                  (no ring)
Stlth    +++++.....             (no ring)
HPRegen  0.14/turn              (no ring)
MPRegen  0.11/turn              (no ring)
                                (no ring)
                                (no ring)

@: no status effects
A: almost no armour, stealthy swim, amphibious, 8 rings, constrict 8, thin
metallic scales 1, camouflage 1, blurry vision 1, clever 1, gelatinous body 1
a: no special abilities


You were on level 4 of the Dungeon.
You were not hungry.

You visited 2 branches of the dungeon, and saw 6 of its levels.

You collected 86 gold pieces.

Inventory:

Hand Weapons
 a - a +0 short sword (weapon)
 i - a +1 hunting sling of freezing
Missiles
 h - 93 stones (quivered)
 k - 4 curare-tipped darts
Jewellery
 c - a ring of protection from cold (left tentacle)
Wands
 b - a wand of flame (5)
Scrolls
 j - a scroll of identify {unknown}
Comestibles
 f - 6 rations


   Skills:
 - Level 1.0 Fighting
 - Level 1.0 Short Blades
 - Level 2.0 Dodging
 + Level 7.3 Stealth
 + Level 4.9 Unarmed Combat
 - Level 3.2 Evocations


You had 6 spell levels left.
You didn't know any spells.
Your spell library was empty.

Dungeon Overview and Level Annotations

Branches:
Dungeon (5/15)             Temple (1/1) D:4

Altars:
Ashenzari
Dithmenos
Elyvilon
Hepliaklqana
Kikubaaqudgha
Okawaru
Qazlal
Ru
Sif Muna
Trog
Uskayaw
Wu Jian
Xom
Yredelemnul
The Shining One


Innate Abilities, Weirdness & Mutations

You cannot wear most types of armour.
You are very stealthy in the water. (Stealth+)
You are amphibious.
You can wear up to eight rings at the same time.
You can use your tentacles to constrict eight enemies at once.
Your skin changes colour to match your surroundings (Stealth+).
Your rubbery body absorbs attacks. (AC +1, EV +1)
You are partially covered in thin metallic scales. (AC +2)
Scrolls take you a little longer to read.
Your mind is acute. (Int +2)


Message History

a +0 dagger; a +0 hunting sling; a +0 chain mail; 10 gold pieces The orc wizard barely misses you.
Evoke which item? (* to show all) (? for menu, Esc to quit)
Aiming: Throw Flame
Press: ? - help, Shift-Dir - straight line, f - orc
Aim: an orc, wielding a +0 mace The puff of flame hits the orc wizard.
The orc wizard is heavily wounded.
The orc wizard casts a spell at you. The magic dart hits you.
* * * LOW HITPOINT WARNING * * *
The orc barely misses you.
Evoke which item? (* to show all) (? for menu, Esc to quit)
Aiming: Throw Flame
Press: ? - help, Shift-Dir - straight line, f - orc
Aim: an orc, wielding a +0 mace The puff of flame hits the orc wizard!
You kill the orc wizard!
The orc hits you with a +0 mace.
You die...

#...†.#o#
#....o<# #.
#####.#o###
#...ooo# #.
#..(#...#
#...oo.# #.
#)#####.#
#......# #.
#######))...#.#
###o...# ##
#........).(..#
......
#.....#####)###
#...... #.....#
###.##### #......
#.....###..o@...#
#..........).)..#
#......####....>#
##......
###......#
#....#.. ###..###
#....#... ####
#....#....
#....#....# #....
..###


You could see an orc.

Vanquished Creatures
  Grinder (D:5)
  A phantom (D:4)
  An orc priest (D:4)
  2 orc wizards (D:4)
  A hound zombie (D:5)
  2 adders (D:3)
  An adder zombie (D:5)
  An adder skeleton (D:5)
  8 orcs
  A ball python (D:3)
  2 bats (D:3)
  A giant cockroach (D:3)
  A hobgoblin (D:3)
  A jackal skeleton (D:5)
  A kobold (D:3)
25 creatures vanquished.

Vanquished Creatures (collateral kills)
  A scorpion (D:5)
  An iguana (D:5)
  A shadow imp (D:5)
  An orc (D:4)
  A jackal (D:3)
5 creatures vanquished.

Vanquished Creatures (others)
  A centaur (D:5)
  An iguana (D:4)
  An adder (D:5)
  2 jackals (D:3)
5 creatures vanquished.

Grand Total: 35 creatures vanquished

Notes
Turn   | Place    | Note
-------+----------+-------------------------------------------
     0 | D:1      | Maedhros the Octopode Artificer began the quest for the
                  | Orb.
     0 | D:1      | Reached XP level 1. HP: 13/13 MP: 3/3
    22 | D:3      | Reached skill level 2 in Stealth
    22 | D:3      | Reached skill level 1 in Unarmed Combat
    22 | D:3      | Reached XP level 2. HP: 18/18 MP: 4/4
    51 | D:3      | Reached skill level 3 in Stealth
    51 | D:3      | Reached XP level 3. HP: 19/23 MP: 5/5
   234 | D:4      | Found a staircase to the Ecumenical Temple.
   240 | Temple   | Entered the Ecumenical Temple
   349 | D:4      | Noticed a phantom
   401 | D:4      | Killed a phantom
   401 | D:4      | Reached skill level 4 in Stealth
   401 | D:4      | Reached XP level 4. HP: 28/28 MP: 6/6
   437 | D:5      | Entered Level 5 of the Dungeon
   438 | D:5      | Noticed Grinder
   512 | D:5      | Noticed a centaur
   521 | D:5      | Reached skill level 5 in Stealth
   521 | D:5      | Reached XP level 5. HP: 10/33 MP: 7/7
   601 | D:5      | Paralysed by Grinder for 6 turns
   608 | D:5      | Killed Grinder
   608 | D:5      | Reached skill level 6 in Stealth
   608 | D:5      | Reached XP level 6. HP: 8/38 MP: 8/8
   753 | D:4      | Noticed an orc warrior
   778 | D:4      | Reached skill level 7 in Stealth
   782 | D:4      | Reached XP level 7. HP: 21/43 MP: 9/9
   820 | D:4      | Gained mutation: You are partially covered in thin metallic
                  | scales. (AC +2) [potion of mutation]
   820 | D:4      | Gained mutation: Scrolls take you a little longer to read.
                  | [potion of mutation]
   820 | D:4      | Gained mutation: Your mind is acute. (Int +2) [potion of
                  | mutation]
   885 | D:4      | Slain by an orc

Levels and vault maps discovered:
D:1:      tarquinn_simple_flora_water_b, layout_basic, minmay_fountain_box,
          lexackson_kobold_supper
D:2:      layout_rooms, chequers_temple_overflow_statue_of_worship,
          cheibriados_altar_1, minmay_pentomino_w2
D:3:      layout_basic, chequers_decorated_corner, uniq_sigmund, uniq_purgy
D:4:      layout_basic, minmay_temple_entry_hall, serial_shops, shop,
          first_ration, minmay_misc_feat_x, uniq_pikel, uniq_robin
D:5:      layout_basic, corexii_checkpoint_a, chequers_mini_garden, uniq_grinder
Temple:   eino_wide_crystal_templ

Skill      XL: |  1  2  3  4  5  6 |
---------------+-------------------+-----
Stealth        | 2 3 4 5 6 7 |  7.3
Unarmed Combat | 1 2 3 4 |  4.9
Fighting       | |  1.0
Short Blades   | |  1.0
Dodging        | |  2.0
Evocations     | |  3.2

Action                   |  1- 3 |  4- 6 |  7- 9 || total
-------------------------+-------+-------+-------++-------
Melee: Short sword       |    17 |    15 |     9 ||    41
       Constrict         |     4 |     3 |     4 ||    11
       Tentacles         |     3 |     5 |     3 ||    11
       Punch             |     1 |       |       ||     1
 Fire: Hunting sling     |     7 |    11 |       ||    18
Evoke: Wand              |     6 |    27 |     7 ||    40
  Use: Scroll            |     1 |       |     1 ||     2
       Potion            |       |       |     1 ||     1
 Stab: Sleeping          |     6 |     1 |       ||     7
       Fleeing           |       |       |     1 ||     1
Armor: Skin              |     2 |     1 |     1 ||     4
Dodge: Dodged            |    16 |     9 |    16 ||    41

Table legend:
 A = Non-vault XP
 B = Vault XP
 C = Vault XP percentage of total XP
 D = Non-vault monster count
 E = Vault monster count
 F = Vault count percentage of total count
                 A         B        C        D         E       F
            +---------+---------+-------+---------+---------+-------
      Total |     418 |     281 |  40.2 |      30 |       1 |   3.2
            +---------+---------+-------+---------+---------+-------
        D:3 |      43 |       0 |   0.0 |      11 |       0 |   0.0
        D:4 |     203 |       0 |   0.0 |      11 |       0 |   0.0
        D:5 |     172 |     281 |  62.0 |       8 |       1 |  11.1
            +---------+---------+-------+---------+---------+-------
